[ AOE2 MATCH · #505984575 ]
UnrankedCumans vs Vikings
Player's team · LOSS
Rival team · WIN
[ REPLAY ANALYSIS · EXTRACTED FROM THE RECORDED GAME ]
Feudal
8:55
Castle
24:27
Imperial
39:49
| APM avg | 70.7 |
| APM peak | 118 |
| eAPM avg | 28.1 |
| Villagers / military | 124 / 94 |
Focus
⚔️ 30.8% · 🌾 69.2%
Skirmisher ×45 · Kipchak ×26 · Archer ×16 · Battering Ram ×4 · Mangonel ×2 · Trebuchet (Packed) ×1
Feudal
10:48
Castle
20:16
Imperial
30:30
| APM avg | 67.5 |
| APM peak | 113 |
| eAPM avg | 31.9 |
| Villagers / military | 143 / 129 |
Focus
⚔️ 39.0% · 🌾 61.0%
Archer ×59 · Skirmisher ×48 · Mangonel ×13 · Militia ×5 · Monk ×2 · Trebuchet (Packed) ×2
Match map
Initial resources + every placement click. Lines = walls · curves = elevation contours. ◆ gold · ⬟ stone · ● berries · ✦ relic · ◌ wall gap
Your base· Open — unwalled flank
Scotty's base· Open — unwalled flank
Smoothed initial terrain · ◌ = detected wall gap · hover for details
Inputs per minute
— ARC.Lighty - - Scotty
Build order — ARC.Lighty
First 150 of 382 actions detected
| 0:01 | Create | Villager (Male) |
| 0:02 | Build | House |
| 0:02 | Build | House |
| 0:05 | Create | Villager (Male) |
| 0:06 | Create | Villager (Male) |
| 0:06 | Create | Villager (Male) |
| 1:27 | Create | Villager (Male) |
| 1:45 | Build | Lumber Camp |
| 1:58 | Create | Villager (Male) |
| 2:15 | Create | Villager (Male) |
| 2:57 | Create | Villager (Male) |
| 3:13 | Create | Villager (Male) |
| 3:24 | Build | House |
| 3:32 | Create | Villager (Male) |
| 4:04 | Create | Villager (Male) |
| 4:34 | Create | Villager (Male) |
| 4:46 | Build | Mill |
| 5:00 | Create | Villager (Male) |
| 5:23 | Create | Villager (Male) |
| 5:37 | Create | Villager (Male) |
| 6:20 | Research | Loom |
| 6:44 | Research | Feudal Age |
| 7:40 | Build | Palisade Wall |
| 7:41 | Build | Palisade Wall |
| 8:16 | Build | Palisade Wall |
| 8:24 | Build | House |
| 8:31 | Build | Palisade Wall |
| 8:37 | Build | Palisade Wall |
| 8:46 | Create | Villager (Male) |
| 8:55 | Age | Feudal Age |
| 9:00 | Build | Town Center |
| 9:19 | Build | House |
| 9:21 | Create | Villager (Male) |
| 9:24 | Create | Villager (Male) |
| 9:46 | Create | Villager (Male) |
| 9:56 | Research | Double-Bit Axe |
| 10:20 | Build | House |
| 10:31 | Create | Villager (Male) |
| 10:42 | Create | Villager (Male) |
| 10:42 | Create | Villager (Male) |
| 10:44 | Create | Villager (Male) |
| 11:03 | Create | Villager (Male) |
| 11:14 | Create | Villager (Male) |
| 11:26 | Build | Watch Tower |
| 11:28 | Create | Villager (Male) |
| 11:43 | Create | Villager (Male) |
| 11:54 | Create | Villager (Male) |
| 11:58 | Build | Barracks |
| 12:27 | Create | Villager (Male) |
| 12:36 | Build | House |
| 12:36 | Create | Villager (Male) |
| 12:48 | Build | Farm |
| 12:49 | Build | Farm |
| 12:53 | Build | Farm |
| 13:02 | Create | Villager (Male) |
| 13:19 | Build | Farm |
| 13:22 | Build | Farm |
| 13:30 | Create | Villager (Male) |
| 13:42 | Build | Farm |
| 13:53 | Build | Farm |
| 13:54 | Create | Villager (Male) |
| 13:57 | Build | Farm |
| 14:04 | Build | Farm |
| 14:08 | Create | Villager (Male) |
| 14:15 | Build | Farm |
| 14:33 | Create | Villager (Male) |
| 14:40 | Build | Archery Range |
| 14:43 | Create | Villager (Male) |
| 14:46 | Build | House |
| 14:47 | Build | House |
| 14:49 | Create | Villager (Male) |
| 15:04 | Build | House |
| 15:06 | Build | Palisade Wall |
| 15:07 | Create | Villager (Male) |
| 15:08 | Build | Mining Camp |
| 15:10 | Create | Villager (Male) |
| 15:25 | Build | Lumber Camp |
| 15:28 | Create | Villager (Male) |
| 15:37 | Create | Villager (Male) |
| 15:43 | Create | Archer |
| 15:57 | Research | Horse Collar |
| 15:57 | Create | Villager (Male) |
| 16:11 | Create | Villager (Male) |
| 16:11 | Create | Archer |
| 16:26 | Create | Villager (Male) |
| 16:38 | Build | Farm |
| 16:38 | Build | Farm |
| 16:40 | Build | Farm |
| 16:41 | Create | Villager (Male) |
| 16:46 | Build | House |
| 16:47 | Build | House |
| 16:50 | Create | Villager (Male) |
| 16:54 | Build | Farm |
| 16:56 | Create | Villager (Male) |
| 17:05 | Create | Villager (Male) |
| 17:17 | Create | Villager (Male) |
| 17:21 | Create | Villager (Male) |
| 17:30 | Build | Blacksmith |
| 17:35 | Build | Farm |
| 17:45 | Build | House |
| 17:56 | Create | Villager (Male) |
| 18:03 | Build | Watch Tower |
| 18:12 | Create | Villager (Male) |
| 18:14 | Build | Mining Camp |
| 18:20 | Create | Villager (Male) |
| 18:29 | Create | Villager (Male) |
| 18:32 | Build | Farm |
| 18:33 | Build | Farm |
| 18:41 | Create | Villager (Male) |
| 18:51 | Create | Villager (Male) |
| 18:51 | Create | Villager (Male) |
| 18:57 | Build | Farm |
| 18:57 | Build | Farm |
| 19:09 | Build | Farm |
| 19:11 | Create | Villager (Male) |
| 19:25 | Build | Farm |
| 19:28 | Create | Villager (Male) |
| 19:30 | Create | Archer |
| 19:40 | Create | Villager (Male) |
| 19:45 | Build | Farm |
| 19:45 | Create | Villager (Male) |
| 19:56 | Research | Fletching |
| 19:57 | Create | Villager (Male) |
| 19:57 | Create | Archer |
| 20:03 | Create | Villager (Male) |
| 20:05 | Build | House |
| 20:06 | Build | House |
| 20:09 | Build | House |
| 20:15 | Create | Villager (Male) |
| 20:54 | Build | Market |
| 20:57 | Create | Villager (Male) |
| 21:08 | Create | Villager (Male) |
| 21:18 | Create | Villager (Male) |
| 21:45 | Research | Castle Age |
| 21:51 | Create | Archer |
| 22:04 | Create | Villager (Male) |
| 22:04 | Create | Archer |
| 22:14 | Create | Villager (Male) |
| 22:18 | Build | Archery Range |
| 22:23 | Create | Villager (Male) |
| 22:53 | Build | Mill |
| 23:02 | Research | Gold Mining |
| 23:02 | Create | Villager (Male) |
| 23:03 | Create | Archer |
| 23:14 | Create | Villager (Male) |
| 23:19 | Build | Mill |
| 23:20 | Build | Farm |
| 23:20 | Build | Farm |
| 23:21 | Build | Farm |
| 23:21 | Build | Farm |
Build order — Scotty
First 150 of 443 actions detected
| 0:01 | Create | Villager (Male) ×4 |
| 0:01 | Create | Villager (Male) ×4 |
| 0:02 | Build | House |
| 0:04 | Build | House |
| 1:27 | Create | Villager (Male) |
| 1:28 | Create | Villager (Male) |
| 1:28 | Create | Villager (Male) |
| 1:56 | Create | Villager (Male) |
| 1:57 | Create | Villager (Male) |
| 1:57 | Create | Villager (Male) |
| 2:19 | Create | Villager (Male) |
| 2:20 | Create | Villager (Male) |
| 2:47 | Build | Barracks |
| 2:50 | Create | Villager (Male) |
| 2:50 | Create | Villager (Male) |
| 2:57 | Create | Villager (Male) |
| 2:57 | Create | Villager (Male) |
| 3:06 | Build | Palisade Wall |
| 3:07 | Build | Palisade Wall |
| 3:41 | Build | House |
| 3:42 | Create | Villager (Male) |
| 3:43 | Create | Villager (Male) |
| 3:43 | Create | Villager (Male) |
| 4:21 | Create | Militia |
| 4:22 | Create | Villager (Male) |
| 4:22 | Create | Villager (Male) |
| 4:36 | Build | House |
| 4:44 | Create | Militia |
| 4:44 | Create | Militia |
| 5:02 | Create | Villager (Male) |
| 5:03 | Create | Villager (Male) |
| 5:03 | Create | Villager (Male) |
| 5:14 | Create | Militia |
| 5:15 | Create | Militia |
| 5:33 | Create | Villager (Male) |
| 5:52 | Create | Villager (Male) |
| 5:53 | Create | Villager (Male) |
| 6:16 | Create | Villager (Male) |
| 6:36 | Create | Villager (Male) |
| 6:42 | Build | Lumber Camp |
| 6:50 | Research | Loom |
| 7:17 | Create | Villager (Male) |
| 7:46 | Build | House |
| 7:50 | Create | Villager (Male) |
| 8:38 | Research | Feudal Age |
| 8:39 | Research | Feudal Age |
| 8:39 | Research | Feudal Age |
| 8:52 | Build | Mill |
| 9:15 | Build | House |
| 9:50 | Build | Mining Camp |
| 9:52 | Create | Villager (Male) |
| 10:00 | Create | Villager (Male) |
| 10:48 | Age | Feudal Age |
| 10:55 | Build | Watch Tower |
| 11:01 | Research | Man-at-Arms (upgrade) |
| 11:01 | Research | Man-at-Arms (upgrade) |
| 11:04 | Create | Villager (Male) |
| 11:04 | Create | Villager (Male) |
| 11:06 | Build | Farm |
| 11:07 | Build | Farm |
| 11:12 | Research | Double-Bit Axe |
| 11:13 | Research | Double-Bit Axe |
| 11:25 | Build | Farm |
| 11:35 | Build | Mining Camp |
| 11:47 | Build | Palisade Wall |
| 11:48 | Build | Palisade Wall |
| 11:48 | Build | Palisade Wall |
| 11:49 | Build | Palisade Wall |
| 12:01 | Build | Farm |
| 12:20 | Build | Palisade Wall |
| 12:21 | Create | Villager (Male) |
| 12:23 | Build | House |
| 12:27 | Build | House |
| 12:40 | Build | Farm |
| 12:42 | Build | Farm |
| 12:43 | Build | Farm |
| 12:54 | Create | Villager (Male) |
| 13:01 | Build | Palisade Wall |
| 13:02 | Build | Palisade Wall |
| 13:04 | Build | Palisade Wall |
| 13:05 | Build | Palisade Wall |
| 13:07 | Build | Palisade Wall |
| 13:12 | Build | House |
| 13:12 | Create | Villager (Male) |
| 13:12 | Create | Villager (Male) |
| 13:17 | Build | Farm |
| 13:34 | Build | Farm |
| 13:34 | Create | Villager (Male) |
| 13:34 | Create | Villager (Male) |
| 13:34 | Create | Villager (Male) |
| 13:34 | Create | Villager (Male) |
| 13:36 | Build | Farm |
| 13:44 | Build | Palisade Wall |
| 13:57 | Create | Villager (Male) |
| 14:03 | Build | Palisade Wall |
| 14:11 | Create | Villager (Male) |
| 14:29 | Build | Watch Tower |
| 14:32 | Create | Villager (Male) |
| 14:46 | Build | Archery Range |
| 14:53 | Build | Palisade Wall |
| 14:56 | Create | Villager (Male) |
| 15:09 | Build | Palisade Wall |
| 15:10 | Build | Palisade Wall |
| 15:10 | Build | Palisade Wall |
| 15:10 | Build | Palisade Wall |
| 15:11 | Build | Palisade Wall |
| 15:11 | Build | Palisade Wall |
| 15:11 | Build | Palisade Wall |
| 15:11 | Build | Palisade Wall |
| 15:19 | Build | Palisade Wall |
| 15:20 | Create | Villager (Male) |
| 15:22 | Build | Palisade Wall |
| 15:32 | Build | Market |
| 15:40 | Build | Farm |
| 15:53 | Create | Archer |
| 15:53 | Create | Archer |
| 16:03 | Create | Villager (Male) |
| 16:09 | Create | Archer |
| 16:31 | Create | Villager (Male) |
| 16:34 | Build | Blacksmith |
| 16:47 | Create | Archer |
| 17:05 | Create | Villager (Male) |
| 17:20 | Build | House |
| 17:37 | Research | Castle Age |
| 17:37 | Research | Castle Age |
| 17:37 | Research | Castle Age |
| 17:49 | Build | House |
| 17:54 | Create | Archer |
| 18:20 | Build | House |
| 18:22 | Research | Gold Mining |
| 18:22 | Research | Gold Mining |
| 18:22 | Create | Archer |
| 18:23 | Create | Archer |
| 18:23 | Create | Archer |
| 18:49 | Research | Fletching |
| 18:49 | Research | Fletching |
| 18:52 | Create | Villager (Male) |
| 19:06 | Create | Villager (Male) |
| 19:35 | Build | Farm |
| 19:35 | Build | Farm |
| 19:47 | Build | Farm |
| 20:16 | Age | Castle Age |
| 20:18 | Build | Castle |
| 20:19 | Research | Crossbowman (upgrade) |
| 20:19 | Research | Crossbowman (upgrade) |
| 20:19 | Research | Crossbowman (upgrade) |
| 20:21 | Research | Bodkin Arrow |
| 20:21 | Research | Bodkin Arrow |
| 20:28 | Create | Archer |
| 20:36 | Build | Farm |
Match timeline
| 2:47 | Scotty · first_building Barracks |
| 3:06 | Scotty · wall_segment Palisade Wall x1 |
| 3:07 | Scotty · wall_segment Palisade Wall x1 |
| 7:40 | ARC.Lighty · wall_segment Palisade Wall x1 |
| 7:41 | ARC.Lighty · wall_segment Palisade Wall x1 |
| 8:16 | ARC.Lighty · wall_segment Palisade Wall x1 |
| 8:31 | ARC.Lighty · wall_segment Palisade Wall x1 |
| 8:37 | ARC.Lighty · wall_segment Palisade Wall x1 |
| 8:55 | ARC.Lighty · age_up feudal |
| 10:48 | Scotty · age_up feudal |
| 11:47 | Scotty · wall_segment Palisade Wall x1 |
| 11:48 | Scotty · wall_segment Palisade Wall x1 |
| 11:48 | Scotty · wall_segment Palisade Wall x1 |
| 11:49 | Scotty · wall_segment Palisade Wall x1 |
| 11:58 | ARC.Lighty · first_building Barracks |
| 12:20 | Scotty · wall_segment Palisade Wall x1 |
| 13:01 | Scotty · wall_segment Palisade Wall x1 |
| 13:02 | Scotty · wall_segment Palisade Wall x1 |
| 13:04 | Scotty · wall_segment Palisade Wall x1 |
| 13:05 | Scotty · wall_segment Palisade Wall x1 |
| 13:07 | Scotty · wall_segment Palisade Wall x1 |
| 13:44 | Scotty · wall_segment Palisade Wall x1 |
| 14:03 | Scotty · wall_segment Palisade Wall x4 |
| 14:40 | ARC.Lighty · first_building Archery Range |
| 14:46 | Scotty · first_building Archery Range |
| 14:53 | Scotty · wall_segment Palisade Wall x1 |
| 15:06 | ARC.Lighty · wall_segment Palisade Wall x3 |
| 15:09 | Scotty · wall_segment Palisade Wall x1 |
| 15:10 | Scotty · wall_segment Palisade Wall x1 |
| 15:10 | Scotty · wall_segment Palisade Wall x1 |
| 15:10 | Scotty · wall_segment Palisade Wall x1 |
| 15:11 | Scotty · wall_segment Palisade Wall x1 |
| 15:11 | Scotty · wall_segment Palisade Wall x1 |
| 15:11 | Scotty · wall_segment Palisade Wall x1 |
| 15:11 | Scotty · wall_segment Palisade Wall x1 |
| 15:19 | Scotty · wall_segment Palisade Wall x7 |
| 15:22 | Scotty · wall_segment Palisade Wall x7 |
| 17:15 | Scotty · first_market_buy 100 food |
| 17:16 | Scotty · first_market_sell 100 wood |
| 20:16 | Scotty · age_up castle |
| 20:18 | Scotty · first_building Castle |
| 21:40 | ARC.Lighty · first_market_buy 100 food |
| 21:44 | ARC.Lighty · first_market_sell 100 wood |
| 23:34 | Scotty · first_building Siege Workshop |
| 24:27 | ARC.Lighty · age_up castle |
| 24:49 | ARC.Lighty · first_building Castle |
| 27:11 | Scotty · wall_segment Palisade Wall x2 |
| 27:16 | Scotty · wall_segment Palisade Wall x14 |
| 27:20 | ARC.Lighty · first_building Siege Workshop |
| 28:16 | Scotty · wall_segment Palisade Wall x1 |
| 28:18 | Scotty · wall_segment Palisade Wall x2 |
| 28:35 | Scotty · wall_segment Stone Wall x1 |
| 28:38 | Scotty · wall_segment Stone Wall x7 |
| 30:10 | Scotty · wall_segment Palisade Wall x1 |
| 30:30 | Scotty · age_up imperial |
| 37:20 | Scotty · first_building Monastery |
| 39:49 | ARC.Lighty · age_up imperial |
| 43:33 | ARC.Lighty · resign |
[ AI ANALYSIS · 1 CREDIT ]
What really happened in this match?
Wolo.gg analyzes every decision: build order, eco, micro, common mistakes by bracket. Personalized analysis on WhatsApp or Discord in 30 seconds.
Civ guide
Cumans
Perfil
Lighty